 Dungeon Crawl Stone Soup version 0.25-a0-890-g62861fb195 (webtiles) character file.

Game seed: 1915881215463242318, levelgen mode: deterministic

689 Esekla the Conjurer (level 7, -1/49 HPs)
             Began as a Formicid Conjurer on May 2, 2020.
             Was a Follower of Ashenzari.
             Slain by an ogre
             ... wielding a +0 giant club
              (13 damage)
             ... on level 4 of the Dungeon.
             The game lasted 00:36:50 (5407 turns).

Esekla the Conjurer (Formicid Conjurer)             Turns: 5407, Time: 00:36:51

Health: -1/49      AC: 13    Str: 12    XL:     7   Next: 95%
Magic:  0/12       EV: 12    Int: 17    God:    Ashenzari [*.....]
Gold:   271        SH:  4    Dex: 11    Spells: 9/13 levels left

rFire    . . .     SeeInvis +   p - +2 short sword (protect)
rCold    . . .     Gourm    .   l - +0 buckler
rNeg     . . .     Faith    .   m - +3 leather armour
rPois    .         Spirit   +   (helmet unavailable)
rElec    .         Reflect  .   (no cloak)
rCorr    .         Harm     .   (no gloves)
MR       .....                  (no boots)
Stlth    ++........             j - amulet of guardian spirit
HPRegen  0.16/turn              (no ring)
MPRegen  0.13/turn              (no ring)

@: protection aura
A: permanent stasis, dig shafts and tunnels, four strong arms, antennae 3
a: Dig, Shaft Self, Curse Item, Scrying, Renounce Religion


You were on level 4 of the Dungeon.
You worshipped Ashenzari.
Ashenzari was aware of your devotion.
You were not hungry.

You visited 1 branch of the dungeon, and saw 5 of its levels.

You collected 271 gold pieces.

Inventory:

Hand Weapons
 b - a +0 hand axe
 h - a +0 halberd
 p - a +2 short sword of protection (weapon)
 v - a +2 dagger of venom
Missiles
 e - 10 javelins (quivered)
 r - 11 poisoned darts
 t - 2 boomerangs
Armour
 l - a +0 buckler (worn)
 m - a +3 leather armour (worn)
 u - a scarf of cloud immunity
Jewellery
 j - an amulet of guardian spirit (around neck)
Scrolls
 d - a scroll of identify
 g - 2 scrolls of immolation {unknown}
 i - a scroll of enchant weapon {unknown}
 n - 3 scrolls of teleportation {unknown}
 o - a scroll of fog {unknown}
 w - a scroll of noise {unknown}
Potions
 a - a potion of curing
 f - a potion of might
 k - 3 potions of lignification
 q - a potion of heal wounds {unknown}
 s - a potion of flight {unknown}
Comestibles
 c - 5 rations


   Skills:
 * Level 1.9 Fighting
 * Level 3.3 Short Blades
 * Level 2.9(3.0) Axes
 + Level 0.7(2.0) Polearms
 + Level 0.7 Throwing
 * Level 2.6 Armour
 + Level 2.2 Dodging
 - Level 2.4 Stealth
 * Level 2.5 Shields
 * Level 3.7 Spellcasting
 + Level 4.3 Conjurations
 * Level 1.1 Translocations


You had 9 spell levels left.
You knew the following spells:

 Your Spells              Type           Power        Failure   Level  Hunger
a - Apportation           Tloc           #.....       13%         1    None
d - Magic Dart            Conj           ###.         3%          1    None
e - Searing Ray           Conj           ###...       5%          2    ##.....

Your spell library contained the following spells:

 Spells                   Type           Power        Failure   Level  Hunger
 Animate Skeleton         Necr           N/A          21%         1    None
 Corona                   Hex            #......      21%         1    None
 Summon Small Mammal      Summ           #...         21%         1    None
 Dazzling Flash           Conj/Hex       ##....       26%         3    ###....
 Iskenderun's Mystic Bla  Conj/Tloc      ##......     56%         4    ####...
 Fulminant Prism          Conj/Hex       ##........   63%         4    ####...


Dungeon Overview and Level Annotations

Branches:
Dungeon (5/15)
 Temple: D:4-7

Altars:
Ashenzari

Annotations:
D:4 2 runed translucent doors, MisterFreud's ghost, amateur FoAK


Innate Abilities, Weirdness & Mutations

You cannot be hasted, slowed, berserked, paralysed or teleported.
You can dig through walls and to a lower floor.
Your four strong arms can wield two-handed weapons with a shield.
You have a pair of large antennae on your head. (SInv)


Message History

There is a stone staircase leading down here.
The orc hits you with a +0 war axe!
Things that are here:
a +0 ring mail; a +0 hand axe You hit the ogre.
The ogre is poisoned.
The ogre is lightly wounded.
The ogre hits you with a +0 giant club!
Your +2 dagger of venom stops dripping with poison.
Your +2 short sword of protection hums with potential!
p - a +2 short sword of protection (weapon)
You hit the ogre.
Your weapon exudes an aura of protection.
The ogre is moderately wounded.
The ogre hits you with a +0 giant club!
* * * LOW HITPOINT WARNING * * *
You puncture the ogre!
Your weapon exudes an aura of protection.
The ogre is almost dead.
The ogre hits you with a +0 giant club!
You die...

#.# ############### #.#
##.#≈≈≈≈≈≈{≈≈#.## #
#.####..+≈{≈≈[{≈≈W+..###
#.##.#..#≈r≈≈{≈≈≈r#.....
##.#....##############..[
#...(.....+.........'....
#..#...#.##(...<....###..
#..##.##.###...[...## #.#
#..#####@# ##.[..[## #.#
#....# #O# #..>.## #.#
#.##.# #o# #.[.## #.#
#.##.###p####...#### #.#
#........#...<.....####.#
####.####...............#
#.###.#.........######
#.##.###.#.....##
#.............##


You could see an ogre, a slave and an orc.

Vanquished Creatures
  2 scorpions (D:4)
  A howler monkey (D:4)
  A hound (D:4)
  3 orc priests (D:4)
  A bullfrog skeleton (D:4)
  5 orc wizards
  An iguana (D:4)
  2 worker ants (D:4)
  7 gnolls
  2 adders (D:2)
  2 worms (D:2)
  9 dart slugs
  17 orcs
  A ball python (D:4)
  5 bats
  2 giant cockroaches
  A goblin (D:2)
  4 hobgoblins
  3 jackals (D:2)
  A quokka (D:4)
  6 frilled lizards
  A kobold (D:2)
  A leopard gecko skeleton (D:4)
  4 rats
82 creatures vanquished.

Vanquished Creatures (others)
  An adder (D:3)
  A rat (D:3)
2 creatures vanquished.

Grand Total: 84 creatures vanquished

Notes
Turn   | Place    | Note
-------+----------+-------------------------------------------
     0 | D:1      | Esekla the Formicid Conjurer began the quest for the Orb.
     0 | D:1      | Reached XP level 1. HP: 13/13 MP: 3/3
   503 | D:1      | Reached XP level 2. HP: 19/19 MP: 3/5
   882 | D:1      | Reached skill level 4 in Conjurations
   912 | D:1      | Learned a level 2 spell: Searing Ray
   976 | D:1      | Reached XP level 3. HP: 24/25 MP: 4/6
  1031 | D:1      | Reached skill level 1 in Axes
  1293 | D:2      | Reached skill level 1 in Fighting
  1293 | D:2      | Reached XP level 4. HP: 32/32 MP: 4/7
  1617 | D:2      | Learned a level 1 spell: Apportation
  2099 | D:3      | Reached XP level 5. HP: 37/37 MP: 5/9
  2159 | D:3      | Found a shattered altar of Ashenzari.
  2164 | D:3      | Became a worshipper of Ashenzari the Shackled
  2876 | D:3      | Reached skill level 1 in Short Blades
  2904 | D:3      | Reached skill level 1 in Shields
  2943 | D:3      | HP: 1/37 [poisoned by an orc wizard]
  3854 | D:4      | Reached XP level 6. HP: 43/43 MP: 7/10
  4116 | D:4      | Reached skill level 1 in Armour
  4544 | D:4      | Reached * piety under Ashenzari
  4604 | D:4      | Reached XP level 7. HP: 42/48 MP: 3/12
  4902 | D:4      | Found a runed translucent door.
  4914 | D:4      | Noticed MisterFreud's ghost (amateur FoAK)
  5214 | D:4      | Reached skill level 1 in Translocations
  5261 | D:4      | Found a runed translucent door.
  5335 | D:5      | Entered Level 5 of the Dungeon
  5407 | D:4      | Slain by an ogre

Levels and vault maps discovered:
D:1:      dpeg_arrival_rhombus, layout_loops_ring
D:2:      layout_loops_ring, kennysheep_generic_room_4
D:3:      kennysheep_slugbush, layout_basic, lemuel_doored_altar, first_ration,
          lemuel_old_faithful
D:4:      layout_loops_corners, ebering_ghost_sewer_f
D:5:      layout_basic, minmay_temple_entry_crystal_x, uniq_ijyb, uniq_pikel,
          uniq_prince_ribbit1, uniq_duvessa

Skill      XL: |  1  2  3  4  5  6  7 |
---------------+----------------------+-----
Conjurations   | 4 |  4.3
Axes           | 1 2 |  2.9
Dodging        | 2 |  2.2
Fighting       | 1 |  1.9
Short Blades   | 1 2 3 |  3.3
Shields        | 1 2 |  2.5
Armour         | 1 2 |  2.6
Spellcasting   | 3 |  3.7
Translocations | 1 |  1.1
Polearms       | |  0.7
Throwing       | |  0.7
Stealth        | |  2.4

Action                   |  1- 3 |  4- 6 |  7- 9 || total
-------------------------+-------+-------+-------++-------
Melee: Hand axe          |    38 |       |       ||    38
       Short sword       |       |    74 |    34 ||   108
       Halberd           |       |     4 |    26 ||    30
       Dagger            |       |    15 |     7 ||    22
Throw: Javelin           |       |     6 |       ||     6
       Dart              |       |     7 |    10 ||    17
 Cast: Magic Dart        |    16 |     5 |       ||    21
       Searing Ray       |     2 |    16 |     6 ||    24
  Use: Scroll            |       |     3 |       ||     3
 Stab: Sleeping          |       |     1 |       ||     1
  Eat: Chunk             |     1 |     8 |     3 ||    12
       Ration            |       |     1 |       ||     1
Armor: Robe              |    10 |       |       ||    10
       Ring mail         |       |    35 |    12 ||    47
       Leather armour    |       |       |    14 ||    14
Dodge: Dodged            |    32 |    44 |    29 ||   105
Block: Buckler           |       |     8 |    13 ||    21

Table legend:
 A = Non-vault XP
 B = Vault XP
 C = Vault XP percentage of total XP
 D = Non-vault monster count
 E = Vault monster count
 F = Vault count percentage of total count
                 A         B        C        D         E       F
            +---------+---------+-------+---------+---------+-------
      Total |     957 |      28 |   2.8 |      75 |       7 |   8.5
            +---------+---------+-------+---------+---------+-------
        D:1 |      46 |       0 |   0.0 |      13 |       0 |   0.0
        D:2 |      83 |       4 |   4.6 |      21 |       1 |   4.5
        D:3 |     201 |      24 |  10.7 |      16 |       6 |  27.3
        D:4 |     627 |       0 |   0.0 |      25 |       0 |   0.0
            +---------+---------+-------+---------+---------+-------
